 Dungeon Crawl Stone Soup version 0.29-a0-506-ga2e7fffb44 (webtiles) character file.

Game seed: 15828693688349005128

39 zeratav the Shooter (level 3, -2/21 HPs)
             Began as a Tengu Hunter on May 28, 2022.
             Killed by divine providence
             ... invoked by an orc priest
              (15 damage)
             ... on level 2 of the Dungeon.
             The game lasted 00:02:54 (1290 turns).

zeratav the Shooter (Tengu Hunter)                  Turns: 1290, Time: 00:02:55

Health: -2/21      AC:  3    Str: 11    XL:     3   Next: 47%
Magic:  4/4        EV: 12    Int:  9    God:
Gold:   77         SH:  0    Dex: 19    Spells: 2/2 levels left

rFire   . . .      SeeInvis .     - Unarmed
rCold   . . .      Faith    .   (no shield)
rNeg    . . .      Spirit   .   b - +0 leather armour
rPois   .          Reflect  .   (helmet restricted)
rElec   .          Harm     .   (no cloak)
rCorr   .          Rampage  .   (no gloves)
Will    .....                   (boots unavailable)
Stlth   +.........              (no amulet)
HPRegen 0.07/turn               (no ring)
MPRegen 0.09/turn               (no ring)

@: confused
A: beak, talons 3
a: no special abilities


You were on level 2 of the Dungeon.
You visited 1 branch of the dungeon, and saw 2 of its levels.

You collected 77 gold pieces.


Innate Abilities, Weirdness & Mutations

You have a beak for a mouth.
You have claws for feet.


   Skills:
 - Level 2.0 Fighting
 - Level 4.3 Bows
 - Level 2.1 Dodging
 - Level 1.0 Stealth
 + Level 3.3 Unarmed Combat


You had 2 spell levels left.
You didn't know any spells.
Your spell library was empty.

Inventory:

Hand Weapons
 a - a +1 shortbow {bow}
Armour
 b - a +0 leather armour (worn)
 e - a +0 ring mail
   (You found it on level 1 of the Dungeon)
 m - a +0 pair of gloves
   (You found it on level 1 of the Dungeon)
 o - a +0 leather armour
   (You took it off an orc on level 2 of the Dungeon)
 p - a +0 ring mail
   (You took it off an orc on level 2 of the Dungeon)
Scrolls
 c - a scroll of immolation {!r!r}
 d - a scroll of summoning {unknown}
 g - a scroll of poison {unknown}
 h - a scroll of identify {unknown}
 l - a scroll of amnesia {unknown}
Potions
 f - a potion of degeneration {unknown}
 i - a potion of experience {unknown}
 j - a potion of curing {unknown}
 k - 2 potions of heal wounds {unknown}
 n - a potion of cancellation {unknown}

Dungeon Overview and Level Annotations

Branches:
Dungeon (2/15)

Altars:

Shops:
D:1

:
.......#.####+###.........
#........................
##.##..##.................
.......).....>...#...#+###
##..#..#...##+####.#.#
.......#...#######.#.#
....#.............##.#
....#.†.#########..#.#
#.......)@o)...###.#.#
.........8o).8..##.#.#
.#..............$#.#.#
................⌠#...#
....##..........$#...#
.... ....8...8..##.#.# ...
...........###.#.#
.....######## ..#.# .. #.#


You could see an orc priest and an orc wizard.


Message History

A frilled lizard comes into view.
A frilled lizard is nearby!
You shoot an arrow. The arrow hits the frilled lizard!
You kill the frilled lizard!
No target in view!
No target in view!
No target in view!
You now have 77 gold pieces (gained 15).
The orc shouts!
An orc is nearby!
You shoot an arrow. The arrow hits the orc!
You kill the orc!
No target in view!
No target in view!
No target in view!
n - a ruby potion
o - a +0 leather armour You see here a +0 whip {mace}.
A rat comes into view.
A rat is nearby!
You shoot an arrow. The arrow hits the rat.
An endoplasm comes into view.
You shoot an arrow. The endoplasm quivers.
The arrow hits the endoplasm!
You kill the endoplasm!
You shoot an arrow. The arrow hits the rat!
You kill the rat!
No target in view!
No target in view!
An orc comes into view. It is wielding a +0 club.
You shoot an arrow. The arrow barely misses the orc.
The orc shouts!
An orc comes into view. It is wielding a +0 dagger.
You shoot an arrow. The orc shouts!
The arrow hits the orc.
You shoot an arrow. The arrow hits the orc.
You kill the orc!
You shoot an arrow. The arrow hits the orc!
You kill the orc!
You shoot an arrow. The arrow closely misses the orc.
You shoot an arrow. The arrow barely misses the orc.
You shoot an arrow. The arrow barely misses the orc.
The orc barely misses you.
You shoot an arrow. The arrow hits the orc.
The orc barely misses you. The orc hits you but does no damage.
You shoot an arrow. The arrow hits the orc!
You kill the orc!
No target in view!
p - a +0 ring mail
Things that are here:
a +0 club {mace}; an orc corpse The orc priest mumbles some strange prayers to Beogh against you.
Beogh smites you!
HP[-9]
You take 9 damage, and now have 12/21 hp.
MASSIVE DAMAGE!! (PAUSE)
You are too injured to fight recklessly!
You are too injured to fight recklessly!
You are too injured to fight recklessly!
Shoot: a) +1 shortbow {bow}
Press: ? - help, Q - select action Shift-Dir - straight line, f - orc wizard
Aim: an orc wizard, wielding a +0 dagger and wearing a +0 robe (59% to hit)
You shoot an arrow.
The arrow closely misses the orc wizard.
Shoot: a) +1 shortbow {bow}
Press: ? - help, Q - select action Shift-Dir - straight line, f/p - orc wizard
Aim: an orc wizard, wielding a +0 dagger and wearing a +0 robe (59% to hit)
You shoot an arrow.
The arrow hits the orc wizard but does no damage.
Shoot: a) +1 shortbow {bow}
Press: ? - help, Q - select action Shift-Dir - straight line, f/p - orc wizard
Aim: an orc wizard, wielding a +0 dagger and wearing a +0 robe (59% to hit)
You shoot an arrow. The arrow hits the orc wizard!
The orc wizard casts a spell at you. The puff of flame misses you.
Shoot: a) +1 shortbow {bow}
Press: ? - help, Q - select action Shift-Dir - straight line, f/p - orc wizard
Aim: an orc wizard, wielding a +0 dagger and wearing a +0 robe (heavily wounded, 59% to hit)
You shoot an arrow.
The arrow closely misses the orc wizard.
The arrow hits the orc priest!
Shoot: a) +1 shortbow {bow}
Press: ? - help, Q - select action Shift-Dir - straight line, f/p - orc wizard
Aim: an orc wizard, wielding a +0 dagger and wearing a +0 robe (heavily wounded, 59% to hit)
You shoot an arrow. The arrow barely misses the orc wizard.
The orc wizard points at you and mumbles some strange words.
You are confused.
Non-targeted confused shoot: a) +1 shortbow {bow}
Press: ? - help, Q - select action Dir - look around, f - activate
Okay, then.
HP[+1]
Okay, then.
You are now empty-handed.
You barely miss the orc priest.
You claw the orc priest, but do no damage.
The orc priest mumbles some strange prayers to Beogh against you.
Beogh smites you!
Ouch! That really hurt!
You die...

Skill      XL: |  1  2  3 |
---------------+----------+-----
Unarmed Combat | 1 2 3 |  3.3
Fighting       | |  2.0
Bows           | |  4.3
Dodging        | |  2.1
Stealth        | |  1.0

Action                   || total
-------------------------++-------
Melee: Unarmed           ||     1
       Kick              ||     1
 Fire: Shortbow          ||    80
Armor: Leather armour    ||     7
Dodge: Dodged            ||    14

Levels and vault maps discovered:
D:1:      minmay_arrival_stair_chambers, layout_loops_corners,
          chequers_ecumenical_altar_simple, serial_shops,
          nicolae_shop_behind_doors, serial_park_tiny_1
D:2:      cheibrodos_pilgrimage, layout_basic

Notes
Turn   | Place    | Note
-------+----------+-------------------------------------------
     0 | D:1      | zeratav the Tengu Hunter began the quest for the Orb.
     0 | D:1      | Reached XP level 1. HP: 12/12 MP: 2/2
     0 | D:1      | magus.rc [v1.9.6]
   273 | D:1      | Reached skill level 1 in Unarmed Combat
   393 | D:1      | Reached XP level 2. HP: 17/17 MP: 3/3
   533 | D:1      | Found Kaibiheru's Book Emporium.
   545 | D:1      | HP: 2/17 [kobold/+0 short sword (5)]
   911 | D:1      | Found a faded altar of an unknown god.
   969 | D:1      | Reached skill level 2 in Unarmed Combat
  1182 | D:2      | Reached XP level 3. HP: 19/21 MP: 4/4
  1241 | D:2      | Reached skill level 3 in Unarmed Combat
  1290 | D:2      | Killed from afar by an orc priest

Vanquished Creatures
  A worm (D:2)
  4 orcs (D:2)
  A ball python (D:1)
  5 endoplasms
  2 giant cockroaches (D:1)
  3 goblins (D:1)
  A hobgoblin (D:1)
  2 jackals (D:2)
  A quokka (D:2)
  2 frilled lizards
  2 kobolds (D:1)
  7 rats
31 creatures vanquished.

Table legend:
 A = Non-vault XP
 B = Vault XP
 C = Vault XP percentage of total XP
 D = Non-vault monster count
 E = Vault monster count
 F = Vault count percentage of total count
                 A         B        C        D         E       F
            +---------+---------+-------+---------+---------+-------
      Total |      45 |      12 |  21.1 |      27 |       4 |  12.9
            +---------+---------+-------+---------+---------+-------
        D:1 |      24 |       0 |   0.0 |      16 |       0 |   0.0
        D:2 |      21 |      12 |  36.4 |      11 |       4 |  26.7
            +---------+---------+-------+---------+---------+-------

Illustrated notes

Table legend:
 A = Kills in this place as a percentage of kills in entire the game.
 B = Kills by you in this place as a percentage of kills by you in the entire game.
 C = Kills by friends in this place as a percentage of kills by friends in the entire game.
 D = Other kills in this place as a percentage of other kills in the entire game.
 E = Experience gained in this place as a percentage of experience gained in the entire game.
 F = Experience gained in this place divided by the number of levels of this place that you have seen.
                   A       B       C       D       E      F
               +-------+-------+-------+-------+-------+----------------------
         Total | 100.0 | 100.0 |   N/A |   N/A | 100.0 |  28.5
       Dungeon | 100.0 | 100.0 |   N/A |   N/A | 100.0 |  28.5
               +-------+-------+-------+-------+-------+----------------------

Table legend: (Time is in decaauts)
 A = Elapsed time spent in this place.
 B = Non-inter-level travel time spent in this place.
 C = Inter-level travel time spent in this place.
 D = Time resting spent in this place.
 E = Time spent auto-exploring this place.
 F = Levels seen in this place.
 G = Mean time per level.
                   A        B        C        D        E       F      G
               +--------+--------+--------+--------+--------+-----+--------+
         Total |   1315 |   1271 |     44 |      0 |   1102 |   2 |  657.5 |
       Dungeon |   1315 |   1271 |     44 |      0 |   1102 |   2 |  657.5 |
               +--------+--------+--------+--------+--------+-----+--------+

Top non-repeatable levels by time:
     D:1: 1143 daAuts
     D:2: 172 daAuts
